[Event "Hunan Belt and Road Open 2019"]
[Site "Hunan"]
[Date "2019.07.29"]
[Round "1.30"]
[White "Setyaki, Azarya Jodi"]
[Black "Lagno, Kateryna"]
[Result "0-1"]
[ECO "C72"]
[WhiteElo "2409"]
[BlackElo "2549"]
[Annotator "ChessBase"]
[PlyCount "186"]
[EventDate "2019.07.29"]
[EventType "swiss"]
[EventCountry "CHN"]
[SourceTitle "playchess.com"]
[Source "ChessBase"]
[SourceQuality "1"]
[TimeControl "5400+30"]

1. e4 e5 2. Nf3 Nc6 3. Bb5 a6 4. Ba4 d6 5. O-O Bd7 6. d4 Nxd4 7. Bxd7+ Qxd7 8. Nxd4 exd4 9. Qxd4 Nf6 10. Nc3 Be7 11. Bg5 h6 12. Bh4 Qg4 13. Bg3 O-O 14. f3 Qd7 15. Rad1 Nh5 16. Bf2 Qe6 17. Nd5 Bd8 18. Qb4 b5 19. Qc3 Qd7 20. e5 Rc8 21. exd6 cxd6 22. Qd3 Nf6 23. c3 Nxd5 24. Qxd5 Rc6 25. Bg3 Bf6 26. a3 Qa7+ 27. Kh1 Qb7 28. Rfe1 Rfc8 29. Qe4 Qb6 30. Rd5 a5 31. Qf5 Rc5 32. Bf2 Qc6 33. Bxc5 dxc5 34. Red1 b4 35. h3 g6 36. Qf4 Bg5 37. Qc4 bxa3 38. Rd6 Qe8 39. bxa3 Kg7 40. a4 Bf6 41. Rd7 Rc6 42. Qd5 Re6 43. Qxc5 Re1+ 44. Rxe1 Qxe1+ 45. Qg1 Qxc3 46. Qd1 h5 47. f4 h4 48. Qf3 Qc4 49. f5 Qxa4 50. Rd1 g5 51. Qd5 Qb4 52. Qa2 a4 53. Rb1 Qf4 54. Rd1 Qb4 55. Rb1 Qa5 56. Rd1 a3 57. Rf1 Qb5 58. Rb1 Qxf5 59. Rd1 Qc5 60. Rf1 Qc3 61. Rb1 Qg3 62. Rf1 Qd3 63. Rb1 Bb2 64. Re1 Kf8 65. Rg1 g4 66. hxg4 h3 67. Kh2 hxg2 68. Rxg2 Qe3 69. Rc2 Qf4+ 70. Kh3 Qf3+ 71. Kh4 Bf6+ 72. g5 Qf4+ 73. Kh3 Qf5+ 74. Kg2 Qxg5+ 75. Kf3 Qf5+ 76. Ke3 Qe5+ 77. Kf3 Qf5+ 78. Ke3 Bb2 79. Rf2 Qe5+ 80. Kd3 Qd4+ 81. Ke2 Qe4+ 82. Kf1 Qd3+ 83. Kg2 Qg6+ 84. Kf1 Qd3+ 85. Kg2 Qe4+ 86. Kf1 Qh1+ 87. Ke2 Qh5+ 88. Kf1 Qb5+ 89. Kg2 Qc6+ 90. Kf1 f6 91. Qb3 Qa6+ 92. Ke1 a2 93. Qb8+ Kf7 0-1

[Event "Hunan Belt and Road Open 2019"]
[Site "Hunan"]
[Date "2019.07.29"]
[Round "1.31"]
[White "Megaranto, Susanto"]
[Black "Lin, Weiguo"]
[Result "1/2-1/2"]
[ECO "B52"]
[WhiteElo "2545"]
[BlackElo "2408"]
[Annotator "ChessBase"]
[PlyCount "102"]
[EventDate "2019.07.29"]
[EventType "swiss"]
[EventCountry "CHN"]
[SourceTitle "playchess.com"]
[Source "ChessBase"]
[SourceQuality "1"]
[TimeControl "5400+30"]

1. e4 c5 2. Nf3 d6 3. Bb5+ Bd7 4. Bxd7+ Nxd7 5. O-O Ngf6 6. Qe2 e6 7. d4 cxd4 8. Nxd4 Be7 9. c4 O-O 10. Nc3 Rc8 11. b3 a6 12. Bb2 Re8 13. Rfd1 Qc7 14. Rac1 Qb8 15. f4 g6 16. Kh1 Bf8 17. Nf3 Nh5 18. g3 Rcd8 19. Rc2 b6 20. Rcd2 Qb7 21. Ba3 Bg7 22. e5 dxe5 23. Ne4 Qc7 24. Bd6 Qc8 25. fxe5 f5 26. Nf2 Nc5 27. Qe3 Qc6 28. Bxc5 Rxd2 29. Rxd2 bxc5 30. Kg1 Bf8 31. g4 fxg4 32. Nxg4 Be7 33. Rf2 Rf8 34. Nd2 Rxf2 35. Qxf2 Bg5 36. Nf3 Qe4 37. h3 Be7 38. Kh2 Kg7 39. Qe3 Qc2+ 40. Qd2 Qe4 41. Qh6+ Kg8 42. Qe3 Qc2+ 43. Qd2 Qe4 44. Qe3 Qb1 45. Qe2 Kg7 46. Qd2 Qe4 47. Qh6+ Kg8 48. Qe3 Qb1 49. Qe2 Kg7 50. Qd2 Qe4 51. Qh6+ Kg8 1/2-1/2

[Event "Hunan Belt and Road Open 2019"]
[Site "Hunan"]
[Date "2019.07.29"]
[Round "1.32"]
[White "Gan-Erdene, Sugar"]
[Black "Batchuluun, Tsegmed"]
[Result "1/2-1/2"]
[ECO "C48"]
[WhiteElo "2408"]
[BlackElo "2535"]
[Annotator "ChessBase"]
[PlyCount "84"]
[EventDate "2019.07.29"]
[EventType "swiss"]
[EventCountry "CHN"]
[SourceTitle "playchess.com"]
[Source "ChessBase"]
[SourceQuality "1"]
[TimeControl "5400+30"]

1. e4 e5 2. Nf3 Nc6 3. Nc3 Nf6 4. Bb5 Nd4 5. Ba4 c6 6. O-O a5 7. Bb3 d6 8. Nxd4 exd4 9. Ne2 a4 10. Bc4 Nxe4 11. Re1 d5 12. Bd3 Be7 13. Nxd4 O-O 14. c3 Bc5 15. Bxe4 dxe4 16. Rxe4 f5 17. Re1 Bxd4 18. cxd4 Qxd4 19. d3 Bd7 20. Qc2 b5 21. Be3 Qd5 22. Qc5 Be6 23. Qxd5 Bxd5 24. Bc5 Rfe8 25. a3 f4 26. f3 Kf7 27. Kf2 g5 28. g3 fxg3+ 29. Kxg3 h5 30. f4 Rxe1 31. Rxe1 Rg8 32. Rf1 gxf4+ 33. Kxf4 Rg2 34. Ke5+ Kg6 35. Rg1 Rxg1 36. Bxg1 Kg5 37. Bc5 Kg4 38. Kd4 Kf3 39. Kc3 h4 40. Bd6 Ke2 41. d4 h3 42. Be5 Ke3 1/2-1/2

[Event "Hunan Belt and Road Open 2019"]
[Site "Hunan"]
[Date "2019.07.29"]
[Round "1.33"]
[White "Zhao, Zong-Yuan"]
[Black "Gusain, Himal"]
[Result "1/2-1/2"]
[ECO "B07"]
[WhiteElo "2529"]
[BlackElo "2407"]
[Annotator "ChessBase"]
[PlyCount "91"]
[EventDate "2019.07.29"]
[EventType "swiss"]
[EventCountry "CHN"]
[SourceTitle "playchess.com"]
[Source "ChessBase"]
[SourceQuality "1"]
[TimeControl "5400+30"]

1. e4 d6 2. d4 Nf6 3. Nc3 e5 4. Nge2 c6 5. a4 Nbd7 6. g3 g6 7. Bg2 Bg7 8. O-O O-O 9. h3 Re8 10. Be3 Nb6 11. b3 exd4 12. Bxd4 a5 13. g4 d5 14. e5 Nfd7 15. f4 f6 16. exf6 Nxf6 17. Ng3 Rf8 18. f5 g5 19. Qd2 h6 20. Qf2 Nbd7 21. Rfe1 b6 22. Re6 Bb7 23. Rae1 Rf7 24. Nd1 c5 25. Bb2 Nf8 26. R6e2 d4 27. c4 Ra7 28. Bxb7 Rfxb7 29. Bc1 Re7 30. Nb2 Rxe2 31. Qxe2 Kf7 32. Nd3 Re7 33. Qxe7+ Qxe7 34. Rxe7+ Kxe7 35. Kg2 N8d7 36. Bd2 Kd6 37. Be1 Ne5 38. Nxe5 Kxe5 39. Kf3 Kd6 40. Nf1 Nd7 41. Nd2 Be5 42. Ne4+ Ke7 43. Nf2 Bf4 44. Nd3 Ne5+ 45. Nxe5 Bxe5 46. Ke4 1/2-1/2

[Event "Hunan Belt and Road Open 2019"]
[Site "Hunan"]
[Date "2019.07.29"]
[Round "1.34"]
[White "Chu, Wei Chao"]
[Black "Yeoh, Li Tian"]
[Result "1-0"]
[ECO "A61"]
[WhiteElo "2406"]
[BlackElo "2528"]
[Annotator "ChessBase"]
[PlyCount "93"]
[EventDate "2019.07.29"]
[EventType "swiss"]
[EventCountry "CHN"]
[SourceTitle "playchess.com"]
[Source "ChessBase"]
[SourceQuality "1"]
[TimeControl "5400+30"]

1. d4 Nf6 2. c4 c5 3. d5 e6 4. Nc3 exd5 5. cxd5 d6 6. Nf3 g6 7. Bf4 a6 8. a4 Bg7 9. e3 O-O 10. h3 Ne8 11. Be2 Nd7 12. O-O Qe7 13. Nd2 Ne5 14. Bh2 f5 15. Re1 Nf6 16. f4 Nf7 17. Bf3 Rb8 18. Kh1 b5 19. axb5 axb5 20. e4 fxe4 21. Ndxe4 Nxe4 22. Nxe4 Qd8 23. Qd2 Bf5 24. g4 Bxe4 25. Bxe4 Qf6 26. Re2 Ra8 27. Rxa8 Rxa8 28. b3 c4 29. bxc4 bxc4 30. Kg2 Qa1 31. Bg1 Bc3 32. Qe3 Bg7 33. Bf2 Ra3 34. Qb6 Rb3 35. Qc6 Qc3 36. Qc8+ Bf8 37. g5 Qc1 38. Qg4 Rb2 39. Rxb2 Qxb2 40. h4 c3 41. Qd1 Bg7 42. h5 gxh5 43. Qxh5 Bd4 44. Qxh7+ Kf8 45. Bc2 Bg7 46. Qf5 Ke8 47. Ba4+ 1-0

[Event "Hunan Belt and Road Open 2019"]
[Site "Hunan"]
[Date "2019.07.29"]
[Round "1.35"]
[White "Li, Di"]
[Black "Lin, Yi"]
[Result "1-0"]
[ECO "A16"]
[WhiteElo "2523"]
[BlackElo "2406"]
[Annotator "ChessBase"]
[PlyCount "73"]
[EventDate "2019.07.29"]
[EventType "swiss"]
[EventCountry "CHN"]
[SourceTitle "playchess.com"]
[Source "ChessBase"]
[SourceQuality "1"]
[TimeControl "5400+30"]

1. Nf3 Nf6 2. c4 g6 3. Nc3 d5 4. cxd5 Nxd5 5. h4 Bg7 6. e4 Nxc3 7. dxc3 Qxd1+ 8. Kxd1 Nd7 9. Nd4 c5 10. Nb5 Be5 11. Na3 a6 12. Nc4 b5 13. Nxe5 Nxe5 14. Be3 Nc4 15. Bxc4 bxc4 16. Kc2 h5 17. Rhd1 Be6 18. Bxc5 f6 19. b4 Kf7 20. a4 Rhc8 21. Be3 Rab8 22. Kb2 Ke8 23. Ka3 Rd8 24. Rd4 f5 25. exf5 Rxd4 26. Bxd4 gxf5 27. Re1 Bd5 28. Re5 e6 29. Re3 Kf7 30. Rg3 Rg8 31. Rxg8 Kxg8 32. b5 axb5 33. axb5 Bxg2 34. Kb4 Kf7 35. Kxc4 f4 36. Kc5 Ke7 37. Be5 1-0

[Event "Hunan Belt and Road Open 2019"]
[Site "Hunan"]
[Date "2019.07.29"]
[Round "1.36"]
[White "Xu, Minghui"]
[Black "Liu, Yan"]
[Result "1/2-1/2"]
[ECO "E12"]
[WhiteElo "2401"]
[BlackElo "2516"]
[Annotator "ChessBase"]
[PlyCount "44"]
[EventDate "2019.07.29"]
[EventType "swiss"]
[EventCountry "CHN"]
[SourceTitle "playchess.com"]
[Source "ChessBase"]
[SourceQuality "1"]
[TimeControl "5400+30"]

1. d4 Nf6 2. c4 e6 3. Nf3 b6 4. a3 Bb7 5. Nc3 Ne4 6. Nxe4 Bxe4 7. e3 Qf6 8. Bd3 Bxd3 9. Qxd3 Qg6 10. Qxg6 hxg6 11. b4 d5 12. cxd5 exd5 13. Bd2 Bd6 14. a4 f6 15. Ke2 Nc6 16. Rhb1 Kd7 17. h3 Ne7 18. b5 a6 19. a5 axb5 20. Rxb5 bxa5 21. Rbxa5 Rxa5 22. Rxa5 Rb8 1/2-1/2